 Dungeon Crawl Stone Soup version 0.26.0-10-g1f06aea511 (webtiles) character file.

Game seed: 14611696580671753377

98 Goblin1989 the Skirmisher (level 5, -1/33 HPs)
             Began as a Kobold Berserker on Jan 24, 2021.
             Was a Believer of Trog.
             Slain by a scorpion (6 damage)
             ... on level 3 of the Dungeon.
             The game lasted 00:03:27 (2325 turns).

Goblin1989 the Skirmisher (Kobold Berserker)        Turns: 2325, Time: 00:03:27

Health: -1/33      AC:  2    Str: 15    XL:     5   Next: 1%
Magic:  5/5        EV: 16    Int:  9    God:    Trog [**....]
Gold:   63         SH:  0    Dex: 14    Spells: 4/4 levels left

rFire    . . .     SeeInvis .   a - +0 falchion
rCold    . . .     Faith    .   (shield restricted)
rNeg     . . .     Spirit   .   b - +0 animal skin
rPois    .         Reflect  .   (no helmet)
rElec    .         Harm     .   (no cloak)
rCorr    .         Rampage  .   (no gloves)
Will     ++...                  (no boots)
Stlth    ++........             (no amulet)
HPRegen  1.11/turn              (no ring)
MPRegen  0.09/turn              (no ring)

@: lethally poisoned (-1 -> -1), berserk cooldown, regenerating (expiring),
slowed, very slow
A: small, nightstalker 3
a: Renounce Religion, Berserk, Trog's Hand


You were on level 3 of the Dungeon.
You worshipped Trog.
Trog was pleased with you.
You visited 1 branch of the dungeon, and saw 3 of its levels.

You collected 63 gold pieces.

Inventory:

Hand Weapons
 a - a +0 falchion (weapon)
Missiles
 i - 18 poisoned darts
Armour
 b - a +0 animal skin (worn)
 j - a +0 chain mail
Scrolls
 c - 2 scrolls of remove curse {unknown}
 f - a scroll of magic mapping {unknown}
 g - 2 scrolls of fog {unknown}
 k - 5 scrolls of identify {unknown}
 l - a scroll of enchant weapon {unknown}
 m - a scroll of teleportation {unknown}
Potions
 d - a potion of brilliance {unknown}
 e - a potion of curing {unknown}
 h - a potion of invisibility {unknown}


   Skills:
 + Level 3.8 Fighting
 * Level 3.2 Long Blades
 + Level 1.1 Throwing
 + Level 2.1 Armour
 + Level 3.3 Dodging


You had 4 spell levels left.
You didn't know any spells.
Your spell library was empty.

Dungeon Overview and Level Annotations

Branches:
Dungeon (3/15)

Altars:


Innate Abilities, Weirdness & Mutations

You are small and have problems with some larger weapons.
You are completely attuned to the shadows.


Message History

The jackal closely misses you. The jackal barely misses you.
You slash the jackal!
You kill the jackal!
Trog accepts your kill.
You have reached level 5!
You feel clever.
You regained 5 hp, and now have 38/49 hp.
MP restored: 5 Unknown command.
Unknown command.
You feel sick. The goblin completely misses you.
You riposte.
You closely miss the goblin.
You see here an adder corpse.
You take 1 damage, and have 37/49 hp.
You miss the goblin. The goblin misses you.
You slash the goblin!
You kill the goblin!
Trog accepts your kill.
No target in view!
No target in view!
No target in view!
No target in view!
No target in view!
No target in view!
No target in view!
No target in view!
No target in view!
No target in view!
No target in view!
No target in view!
No target in view!
No target in view!
No target in view!
No target in view!
No target in view!
No target in view!
Unknown command.
You feel a strong urge to attack something.
You are no longer berserk.
You are exhausted.
You feel yourself slow down.
You feel sick.
You now have 24/33 hp.
You feel sick.
You take 1 damage, and have 23/33 hp.
You start resting.
You feel sick.
A scorpion is nearby!
A scorpion is nearby!
A scorpion is nearby!
A frilled lizard comes into view.
You feel sick.
You take 1 damage, and have 22/33 hp.
Your skin crawls.
You feel strong-willed. The scorpion closely misses you.
The frilled lizard hisses angrily.
You regained 2 hp, and now have 24/33 hp.
Unknown command.
You completely miss the scorpion.
You feel sick.
You are no longer poisoned.
The frilled lizard misses you. The frilled lizard bites you.
The scorpion closely misses you.
You riposte.
You hit the scorpion.
The scorpion is lightly wounded.
You hit the scorpion.
The scorpion is lightly wounded.
The frilled lizard bites you. The scorpion stings you.
You are poisoned.
The scorpion poisons you! The frilled lizard bites you.
The scorpion stings you.
You take 5 damage, and have 19/33 hp.
You hit the scorpion but do no damage.
The scorpion is lightly wounded.
You feel sick. The frilled lizard barely misses you.
The scorpion barely misses you.
You riposte.
You hit the scorpion.
The scorpion is heavily wounded.
You take 1 damage, and have 18/33 hp.
You closely miss the scorpion.
The scorpion is heavily wounded.
You feel sick. The frilled lizard bites you. The scorpion stings you!
* * * LOW HITPOINT WARNING * * *
The frilled lizard bites you but does no damage.
The scorpion stings you.
* * * LOW HITPOINT WARNING * * *
You take 12 damage, and have 6/33 hp.
MASSIVE DAMAGE!!
You hit the scorpion.
The scorpion is severely wounded.
You feel sick.
The frilled lizard bites you but does no damage.
The scorpion closely misses you.
You riposte.
You hit the scorpion.
The scorpion is severely wounded.
The frilled lizard barely misses you. The scorpion misses you.
You riposte.
You hit the scorpion but do no damage.
The scorpion is severely wounded.
You hit the scorpion.
The scorpion is almost dead.
You feel the effects of Trog's Hand fading.
You feel sick. The frilled lizard bites you.
* * * LOW HITPOINT WARNING * * *
The scorpion stings you.
You die...

.... ███████...██
██...........
██............
.███.............
█........██)█...█
█.█.......█l█.....
.....[....█@█..s█.
.█.......█s█...█
██..(..██.█..S█
█....███.. █.████


████ █████████.█ ......†>..█ ██████........ █.████... You could see a scorpion
and a frilled lizard.

Vanquished Creatures
  Jessica (D:3)
  3 adders
  An ooze (D:2)
  5 bats
  3 giant cockroaches
  4 goblins
  5 hobgoblins
  6 jackals
  3 kobolds
  A quokka (D:3)
  3 frilled lizards
  5 rats
40 creatures vanquished.

Notes
Turn   | Place    | Note
-------+----------+-------------------------------------------
     0 | D:1      | Goblin1989 the Kobold Berserker began the quest for the
                  | Orb.
     0 | D:1      | Reached XP level 1. HP: 14/14 MP: 1/1
   204 | D:1      | Reached XP level 2. HP: 15/19 MP: 2/2
  1129 | D:2      | Reached XP level 3. HP: 12/23 MP: 3/3
  1644 | D:2      | Reached ** piety under Trog
  2055 | D:2      | Reached XP level 4. HP: 28/28 MP: 4/4
  2232 | D:3      | Noticed Jessica
  2238 | D:3      | Killed Jessica
  2239 | D:3      | Reached skill level 1 in Throwing
  2306 | D:3      | Reached XP level 5. HP: 33/33 MP: 5/5
  2325 | D:3      | Slain by a scorpion

Illustrated notes

Levels and vault maps discovered:
D:1:      lemuel_arrival_hallway, layout_basic
D:2:      layout_basic, uniq_crazy_yiuf_cottage
D:3:      layout_loops_cross, chequers_serial_rivers_marsh,
          minmay_misc_feat_roman, uniq_jessica, uniq_terence

Skill      XL: |  1  2  3  4 |
---------------+-------------+-----
Dodging        | 3 |  3.3
Long Blades    | 3 |  3.2
Armour         | 2 |  2.1
Throwing       | 1 |  1.1
Fighting       | |  3.8

Action                   |  1- 3 |  4- 6 || total
-------------------------+-------+-------++-------
Melee: Falchion          |    80 |    29 ||   109
Invok: Berserk           |     2 |     2 ||     4
       Trog's Hand       |       |     1 ||     1
 Stab: Sleeping          |     6 |     1 ||     7
       Distracted        |     1 |       ||     1
Armor: Animal skin       |    14 |     5 ||    19
Dodge: Dodged            |    73 |    31 ||   104
       Rpst.: Falchion   |    19 |     9 ||    28
